 Dungeon Crawl Stone Soup version 0.20-a0-208-g55166f7 (webtiles) character file.

5005 KristoblXynda the Basher (level 10, 0/77 HPs)
             Began as a Green Draconian Monk on Nov 25, 2016.
             Was an Elder of Cheibriados.
             Slain by a killer bee (1 damage)
             ... on level 8 of the Dungeon.
             The game lasted 00:21:26 (8351 turns).

KristoblXynda the Basher (Green Draconian Monk)     Turns: 8351, Time: 00:21:27

Health: 0/77       AC: 10    Str: 23      XL:     10   Next: 29%
Magic:  13/13      EV: 20    Int: 23      God:    Cheibriados [****..]
Gold:   558        SH:  0    Dex: 24 (25) Spells: 5/9 levels left

rFire  . . .     SeeInvis .     m - +0 flail
rCold  . . .     Gourm    .     (armour unavailable)
rNeg   . . .     Faith    .     (no shield)
rPois  +         Spirit   .     (helmet restricted)
rElec  .         Reflect  .     (no cloak)
rCorr  .         Harm     .     l - +2 pair of gloves
MR     .....                    (no boots)
Stlth  +++.......               (no amulet)
                                p - ring of wizardry
                                (no ring)

@: very slow
A: breathe noxious fumes, unfitting armour, low mp 1, poison resistance,
screaming 1, cold-blooded, AC +7
a: Breathe Noxious Fumes, Bend Time, Temporal Distortion, Slouch, Renounce
Religion


You were on level 8 of the Dungeon.
You worshipped Cheibriados.
Cheibriados was greatly pleased with you.
You were not hungry.

You visited 2 branches of the dungeon, and saw 9 of its levels.

You collected 558 gold pieces.

Inventory:

Hand Weapons
 k - a +4 rapier
 m - a +0 flail (weapon)
Missiles
 j - 2 throwing nets
 y - 8 javelins (quivered)
Armour
 l - a +2 pair of gloves (worn)
Magical Staves
 s - an uncursed staff of energy
Jewellery
 p - a ring of wizardry (right hand)
Wands
 g - a wand of confusion (7/48)
 h - a wand of paralysis (2/24)
 B - a wand of disintegration (16/24)
Scrolls
 q - 2 scrolls of fear
 w - a scroll of enchant armour
 x - 3 scrolls of remove curse
 z - a scroll of amnesia
Potions
 a - a potion of cure mutation {unknown}
 c - 3 potions of might
 d - 3 potions of brilliance
 e - 2 potions of resistance
 i - 3 potions of invisibility
 n - a potion of degeneration {unknown}
 r - 2 potions of agility
 t - 2 potions of curing
 v - 2 potions of ambrosia {unknown}
 A - a potion of cancellation {unknown}
Books
 f - a book of Minor Magic

   Spells                             Type                      Level
   a - Magic Dart                     Conjuration                  1
   b - Blink                          Translocation                2
   c - Call Imp                       Summoning                    2
   d - Repel Missiles                 Charms/Air                   2
   e - Slow                           Hexes                        2
   f - Conjure Flame                  Conjuration/Fire             3
   g - Mephitic Cloud                 Conjuration/Poison/Air       3
Comestibles
 b - 7 bread rations
 o - 2 meat rations
 u - 8 beef jerkies


   Skills:
 - Level 3.2 Fighting
 + Level 9.4 Maces & Flails
 + Level 8.4 Dodging
 - Level 4.2 Stealth
 - Level 3.2 Translocations
 + Level 3.0 Air Magic
 - Level 7.0 Invocations


You had 5 spell levels left.
You knew the following spells:

 Your Spells              Type           Power        Failure   Level  Hunger
a - Blink                 Tloc           N/A          4%          2    ###....
b - Repel Missiles        Chrm/Air       #.....       6%          2    ###....


Dungeon Overview and Level Annotations

Branches:
Dungeon (8/15)             Temple (1/1) D:6
   Lair: D:8-11

Altars:
Ashenzari
Cheibriados
Dithmenos
Elyvilon
Fedhas
Gozag
Hepliaklqana
Kikubaaqudgha
Makhleb
Nemelex Xobeh
Okawaru
Qazlal
Ru
Sif Muna
Trog
Uskayaw
Vehumet
Xom
Yredelemnul
Zin
The Shining One


Innate Abilities, Weirdness & Mutations

You can breathe blasts of noxious fumes.
Your lurid green scales are hard. (AC +7)
You cannot fit into any form of body armour.
Your system is resistant to poisons. (rPois)
You are cold-blooded and may be slowed by cold attacks.
Your magical capacity is low. (-10% MP)
You occasionally shout uncontrollably at your foes.


Message History

The killer bee is heavily wounded.
The killer bee misses you. x3; The killer bee stings you.
The killer bee stings you! The killer bee completely misses you.
The killer bee barely misses you. The killer bee completely misses you.
The killer bee stings you. The killer bee closely misses you.
The killer bee stings you. The killer bee stings you.
The killer bee stings you!
* * * LOW HITPOINT WARNING * * *
The killer bee misses you. x2; The killer bee stings you.
* * * LOW HITPOINT WARNING * * *
The killer bee barely misses you. The killer bee stings you!
* * * LOW HITPOINT WARNING * * *
The killer bee closely misses you. The killer bee stings you!
* * * LOW HITPOINT WARNING * * *
The killer bee completely misses you. The killer bee misses you. x2
An adder skeleton comes into view.
The killer bee barely misses you.
The killer bee stings you but does no damage.
The killer bee stings you.
You die...

#.....# ##Z....
..... #####..#
#......# #......#
#......##
#....yy.#
#....y@.#
#.......#
#.......# ######
#!...†..## #..).##
######)..# #.##.#.
#†#.# #.##.#^
#.#.# #.##.#.
#.#.$ .####.##.#.
#†##.##(##........


You could see 3 killer bees and an adder skeleton (wandering).

Vanquished Creatures
  Psyche (D:7)
  A hippogriff (D:7)
  6 humans (D:7)
  6 yaks (D:7)
  Edmund (D:7)
  Menkaure (D:6)
  A sky beast (D:8)
  2 orc warriors
  3 centaurs
  6 ogres
  4 bullfrogs
  2 scorpions (D:7)
  5 killer bees (D:8)
  A centaur zombie (D:7)
  3 crimson imps
  2 quasits
  6 hounds
  4 orc priests
  A bullfrog skeleton (D:5)
  2 jellies
  Terence (D:2)
  Ijyb (D:2)
  2 iguanas (D:7)
  Natasha (twice) (D:3)
  5 orc wizards
  6 worker ants
  A hound skeleton (D:7)
  A howler monkey skeleton (D:4)
  A river rat (D:6)
  12 adders
  2 shadow imps
  3 oozes
  2 adder skeletons
  2 worms
  A dart slug (D:2)
  9 leopard geckos
  12 orcs
  10 giant cockroaches
  9 goblins
  5 hobgoblins
  4 jackals
  9 kobolds
  5 quokkas
  8 bats
  9 frilled lizards
  A leopard gecko skeleton (D:6)
  3 quokka skeletons
  5 rats
189 creatures vanquished.

Notes
Turn   | Place    | Note
-------+----------+-------------------------------------------
     0 | D:1      | KristoblXynda the Draconian Monk began the quest for the Orb.
     0 | D:1      | Reached XP level 1. HP: 19/19 MP: 1/1
   184 | D:1      | Reached XP level 2. HP: 25/26 MP: 2/2
   729 | D:2      | Noticed Ijyb
   767 | D:2      | Killed Ijyb
   767 | D:2      | Reached XP level 3. HP: 17/31 MP: 3/3
  1121 | D:2      | Reached skill level 4 in Maces & Flails
  1151 | D:2      | Reached XP level 4. HP: 35/38 MP: 4/4
  1161 | D:2      | Noticed Terence
  1179 | D:2      | Killed Terence
  2072 | D:3      | Reached XP level 5. HP: 44/45 MP: 5/5
  2155 | D:3      | Noticed Natasha
  2165 | D:3      | Killed Natasha
  2436 | D:3      | Noticed Natasha
  2448 | D:3      | Killed Natasha
  2811 | D:4      | Noticed an ogre
  2823 | D:4      | Killed an ogre
  2823 | D:4      | Reached skill level 5 in Maces & Flails
  2823 | D:4      | Reached XP level 6. HP: 51/51 MP: 6/6
  2848 | D:4      | Learned a level 2 spell: Blink
  3299 | D:4      | Reached skill level 1 in Translocations
  3582 | D:4      | Your scales start taking on a lurid green colour.
  3582 | D:4      | Reached XP level 7. HP: 51/57 MP: 7/7
  3582 | D:4      | Gained mutation: Your system is resistant to poisons. (rPois) [Green Draconian growth]
  4042 | D:5      | Entered Level 5 of the Dungeon
  4514 | D:5      | Reached skill level 6 in Maces & Flails
  4919 | D:5      | Reached skill level 5 in Dodging
  5170 | D:6      | Found a staircase to the Ecumenical Temple.
  5186 | Temple   | Entered the Ecumenical Temple
  5353 | Temple   | Became a worshipper of Cheibriados the Contemplative
  5353 | Temple   | Reached * piety under Cheibriados
  5353 | Temple   | Reached ** piety under Cheibriados
  5372 | D:6      | Learned a level 2 spell: Repel Missiles
  5399 | D:6      | Reached skill level 1 in Invocations
  5402 | D:6      | Reached XP level 8. HP: 52/63 MP: 8/8
  5597 | D:6      | Noticed Menkaure
  5607 | D:6      | Killed Menkaure
  5809 | D:6      | Found a basalt altar of Yredelemnul.
  6116 | D:6      | Reached skill level 7 in Maces & Flails
  6552 | D:7      | Found a large runed door.
  6561 | D:7      | Found a runed door.
  6565 | D:7      | Found a runed door.
  6566 | D:7      | Found a runed door.
  6570 | D:7      | Noticed Edmund
  6570 | D:7      | Noticed Psyche
  6617 | D:7      | Reached *** piety under Cheibriados
  6633 | D:7      | Reached XP level 9. HP: 48/70 MP: 12/12
  6650 | D:7      | Reached skill level 5 in Invocations
  6675 | D:7      | Killed Psyche
  6675 | D:7      | Reached skill level 8 in Maces & Flails
  6733 | D:7      | Killed Edmund
  6885 | D:7      | Found a runed door.
  7086 | D:7      | Found a runed door.
  7193 | D:7      | Reached skill level 9 in Maces & Flails
  7203 | D:7      | Reached **** piety under Cheibriados
  7257 | D:7      | Reached XP level 10. HP: 74/77 MP: 15/15
  7331 | D:7      | Reached skill level 1 in Air Magic
  7645 | D:7      | Found a white marble altar of Elyvilon.
  7798 | D:7      | Found a shadowy altar of Dithmenos.
  8217 | D:8      | Gained mutation: You occasionally shout uncontrollably at your foes. [mutagenic meat]
  8218 | D:8      | Gained mutation: You have supernaturally acute eyesight. (SInv) [mutagenic meat]
  8219 | D:8      | Gained mutation: Your magical capacity is low. (-10% MP) [mutagenic meat]
  8220 | D:8      | Lost mutation: You have supernaturally acute eyesight. (SInv) [mutagenic meat]
  8350 | D:8      | HP: 1/77 [killer bee (8)]
  8351 | D:8      | Slain by a killer bee

Vault maps used:
D:1:      co_arrival_random_square_maze
D:2:      first_bread, minmay_misc_feat_cross, uniq_iyjb, uniq_terence
D:3:      kb_forest_paths, kennysheep_big_empty_room, uniq_natasha
D:4:      kennysheep_generic_room_16
D:5:      cheibrodos_iron_armory
D:6:      gup_sewer_entry_spiral, yredelemnul_altar_generic, uniq_menkaure
D:7:      erik_cavepeople, kennysheep_mini, grunt_ogre_cave, elyvilon_altar_3
Temple:   regret_index_temple_chain_breaker

Skill      XL: |  1  2  3  4  5  6  7  8  9 10 |
---------------+-------------------------------+-----
Stealth        | 2 3 4 |  4.2
Dodging        | 3 4 5 6 8 |  8.4
Maces & Flails | 4 5 6 7 9 |  9.4
Translocations | 1 3 |  3.2
Invocations    | 1 4 7 |  7.0
Air Magic      | 3 |  3.0
Fighting       | |  3.2

Action                   |  1- 3 |  4- 6 |  7- 9 | 10-12 || total
-------------------------+-------+-------+-------+-------++-------
Melee: Mace              |    98 |   170 |       |       ||   268
       Tailslap          |     9 |    28 |   120 |    34 ||   191
       Whip              |       |    55 |   569 |       ||   624
       Flail             |       |       |    21 |   132 ||   153
 Cast: Repel Missiles    |       |       |     1 |       ||     1
 Abil: Breathe Noxious F |       |       |    11 |     1 ||    12
  Use: Potion            |     1 |     1 |     8 |       ||    10
       Scroll            |       |    11 |     4 |     1 ||    16
 Stab: Sleeping          |     5 |    14 |    10 |     2 ||    31
       Invisible         |     1 |       |     8 |       ||     9
       Confused          |       |       |    32 |     2 ||    34
  Eat: Chunk             |     1 |     2 |     6 |     4 ||    13
       Meat ration       |       |     1 |       |     1 ||     2
       Pizza             |       |       |     2 |       ||     2
       Royal jelly       |       |       |     2 |       ||     2
Armor: Skin              |    29 |    67 |   141 |    42 ||   279
Dodge: Dodged            |    63 |   160 |   363 |   181 ||   767
       Deflected         |       |       |       |     1 ||     1
